 Dungeon Crawl Stone Soup version 0.30-a0-672-gc3a7216ad8 (webtiles) character file.

Game seed: 1189768928608567327

234 Tocho the Conjurer (level 5, -4/41 HPs)
             Began as a Draconian Conjurer on Jan 19, 2023.
             Slain by Crazy Yiuf
             ... wielding a +4 quarterstaff of chaos
              (10 damage)
             ... on level 3 of the Dungeon.
             The game lasted 00:11:14 (3082 turns).

Tocho the Conjurer (Draconian Conjurer)             Turns: 3082, Time: 00:11:15

Health: -4/41      AC:  9    Str: 12    XL:     5   Next: 75%
Magic:  0/2        EV: 12    Int: 27    God:
Gold:   145        SH:  0    Dex:  9    Spells: 1/9 levels left

rFire   . . .      SeeInvis +    s - +9 hammer "Iporuvank" {antimagic, rCorr Str+3 SInv}
rCold   . . .      Faith    .    (no shield)
rNeg    . . .      Spirit   .    (body armour unavailable)
rPois   .          Reflect  .    (helmet restricted)
rElec   .          Harm     .    (no cloak)
rCorr   +          Rampage  .    (no gloves)
Will    .....                    (no boots)
Stlth   ++                       (no amulet)
HPRegen 0.26/turn                j - +4 ring of protection
MPRegen 0.08/turn                k - ring of the Peasants {Int+6 SInv}

@: no status effects
A: AC +5, unfitting armour, cold-blooded
a: no special abilities


You were on level 3 of the Dungeon.
You visited 1 branch of the dungeon, and saw 3 of its levels.

You collected 145 gold pieces.

Inventory:

Hand Weapons
 a - the +4 dagger "Morg" {pain, Will+ Int+5}
   (You found it on level 3 of the Dungeon)

   Int:       It affects your intelligence (+5).
   Will:      It increases your willpower.
 b - a +0 short sword
 d - a +0 quarterstaff
 s - the +9 hammer "Iporuvank" (weapon) {antimagic, rCorr Str+3 SInv}
   (You found it on level 3 of the Dungeon)

   Str:       It affects your strength (+3).
   SInv:      It lets you see invisible.
   rCorr:     It protects you from acid and corrosion.
Magical Staves
 p - a staff of cold
Jewellery
 f - a +6 ring of dexterity
 h - a ring of see invisible
 j - a +4 ring of protection (left hand)
 k - the ring of the Peasants (right hand) {Int+6 SInv}
   (You found it on level 2 of the Dungeon)

   [ring of intelligence]

   Int:       It affects your intelligence (+6).
   SInv:      It lets you see invisible.
 n - a ring of protection from cold
Wands
 q - a wand of polymorph (7)
Scrolls
 c - a scroll of blinking
 e - 4 scrolls of identify
 l - a scroll of magic mapping {unknown}
 m - a scroll of fog
Potions
 g - 2 potions of curing
 i - a potion of flight
 o - a potion of brilliance {unknown}
 r - 2 potions of mutation {unknown}


   Skills:
 + Level 1.8 Fighting
 + Level 0.2 Short Blades
 + Level 1.9 Staves
 + Level 2.6 Dodging
 + Level 3.1 Stealth
 + Level 2.5 Spellcasting
 + Level 4.9 Conjurations


You had one spell level left.
You knew the following spells:

 Your Spells              Type           Power      Damage    Failure   Level
a - Magic Dart            Conj           100%       1d8       1%          1
b - Searing Ray           Conj           60%        2d6       1%          2
c - Necrotise             Necr           12%        1d4       10%         1
d - Vampiric Draining     Necr           3%         2d6       28%         3
e - Slow                  Hex            12%        N/A       10%         1

Your spell library contained the following spells:

 Spells                   Type           Power      Damage    Failure   Level
 Dazzling Flash           Conj/Hex       32%        N/A       10%         3
 Confusing Touch          Hex            3%         N/A       28%         3
 Fulminant Prism          Conj/Hex       8%         3d7       32%         4
 Iskenderun's Mystic Bla  Conj/Tloc      16%        2d5       32%         4
 Agony                    Necr           3%         N/A       95%         5


Dungeon Overview and Level Annotations

Branches:
Dungeon (3/15)

Altars:

Shops:
D:3 [

Annotations:
D:3 Crazy Yiuf


Innate Abilities, Weirdness & Mutations

Your plain brown scales are hard. (AC +5)
You cannot fit into any form of body armour.
You are cold-blooded and may be slowed by cold attacks.


Message History

You feel Natasha's spirit has finally been put to rest.
Found a hammer.
q - a wand of polymorph (7);
r - 2 ruby potions You see here the felid corpse of Natasha.
You see here the +9 hammer "Iporuvank" {antimagic, rCorr Str+3 SInv}.
s - the +9 hammer "Iporuvank" {antimagic, rCorr Str+3 SInv}
Found a hammer.
You see here a +0 hammer.
Found seven hammers.
Found a runed translucent door.
You see here a +0 hammer.
Found a hammer.
You see here a +0 hammer.
You see here a +0 hammer.
Found a hammer and two runed hammers.
Crazy Yiuf shouts!
You see here a +0 hammer.
You feel stronger.
You feel magic leave you.
s - the +9 hammer "Iporuvank" (weapon)
{antimagic, rCorr Str+3 SInv} You open the door.
Aiming: Searing Ray (safe; 1% risk of failure)
Press: ? - help, Q - select action, (/) - cycle Shift-Dir - straight line, f - Crazy Yiuf
Aim: Crazy Yiuf, wielding a +4 quarterstaff of chaos and wearing a +0 cloak (82% to hit)
The searing ray hits Crazy Yiuf.
Crazy Yiuf is lightly wounded. (Press . to maintain the ray.)
You barely miss Crazy Yiuf.
Crazy Yiuf is lightly wounded.
Crazy Yiuf hits you with a +4 quarterstaff of chaos!
You are electrocuted!!
Crazy Yiuf hits you with a +4 quarterstaff of chaos.
* * * LOW HITPOINT WARNING * * *
Crazy Yiuf attacks as you move away!
Crazy Yiuf hits you with a +4 quarterstaff of chaos.
* * * LOW HITPOINT WARNING * * *
Crazy Yiuf draws strength from your wounds!
You see here a +0 hammer.
Crazy Yiuf attacks as you move away!
Crazy Yiuf hits you with a +4 quarterstaff of chaos!
You die...

##..##........#†...#.
#.#
............###....#
#.# ##..........#
#....# ...
#..###.....# ♣....♣
#..........# ♣...♣♣
#.#.###..### ♣♣)♣♣
#.#.# #.... ♣)♣♣
#.#.# #.### ♣♣)♣
#.#.####.# ♣@♣♣
#........# ♣♣g♣
###.###### #'#
####.####### )))
............ #)))#
############ #).)#
#####


You could see Crazy Yiuf.

Vanquished Creatures
  A water moccasin zombie (D:3)
  Natasha (thrice) (D:3)
  A hound zombie (D:3)
  4 adders
  An adder zombie (D:3)
  2 worms (D:2)
  2 dart slugs
  An orc (D:3)
  3 ball pythons
  2 endoplasms (D:2)
  2 giant cockroaches (D:3)
  A goblin (D:2)
  6 hobgoblins
  3 quokkas
  A ball python skeleton (D:3)
  3 bats
  5 frilled lizards
  A giant cockroach zombie (D:3)
  7 kobolds
  A quokka zombie (D:3)
  3 rats
53 creatures vanquished.

Vanquished Creatures (others)
  5 withered plants (D:3)
5 creatures vanquished.

Grand Total: 58 creatures vanquished

Notes
Turn   | Place    | Note
-------+----------+-------------------------------------------
     0 | D:1      | Tocho the Draconian Conjurer began the quest for the Orb.
     0 | D:1      | Reached XP level 1. HP: 14/14 MP: 3/3
   572 | D:1      | Reached XP level 2. HP: 20/20 MP: 3/5
   575 | D:1      | Learned a level 2 spell: Searing Ray
  1294 | D:2      | Reached XP level 3. HP: 26/26 MP: 0/6
  1445 | D:2      | Found a faded altar of an unknown god.
  2117 | D:2      | Identified the ring of the Peasants {Int+6 SInv}
  2382 | D:3      | Reached XP level 4. HP: 34/34 MP: 1/7
  2519 | D:3      | Noticed Natasha
  2521 | D:3      | Found the +4 dagger "Morg" {pain, Will+ Int+5}
  2526 | D:3      | Killed Natasha
  2527 | D:3      | Reached skill level 1 in Staves
  2532 | D:3      | Reached skill level 1 in Fighting
  2537 | D:3      | Reached XP level 5. HP: 40/40 MP: 5/8
  2632 | D:3      | Noticed Natasha
  2640 | D:3      | Killed Natasha
  2799 | D:3      | Found Ajarr's Armour Shoppe.
  2802 | D:3      | Learned a level 1 spell: Necrotise
  2806 | D:3      | Learned a level 3 spell: Vampiric Draining
  2808 | D:3      | Learned a level 1 spell: Slow
  3021 | D:3      | Noticed Natasha
  3027 | D:3      | Killed Natasha
  3069 | D:3      | Identified the +9 hammer "Iporuvank" {antimagic, rCorr
                  | Str+3 SInv}
  3073 | D:3      | Found a runed translucent door.
  3074 | D:3      | Noticed Crazy Yiuf
  3082 | D:3      | Slain by Crazy Yiuf

Illustrated notes

Levels and vault maps discovered:
D:1:      eino_arrival_cavern_c, layout_loops_corners, serial_glass,
          glass_columns_c, glass_columns_a
D:2:      layout_basic, nicolae_ecumenical_oubliette, minmay_fountain_box
D:3:      layout_basic, serial_shops, shop, dilly_guarded_unrand_morg,
          uniq_crazy_yiuf_cottage

Skill      XL: |  1  2  3  4  5 |
---------------+----------------+-----
Dodging        | 2 |  2.6
Stealth        | 2 3 |  3.1
Staves         | 1 |  1.9
Fighting       | 1 |  1.8
Short Blades   | |  0.2
Spellcasting   | |  2.5
Conjurations   | |  4.9

Action                   |  1- 3 |  4- 6 || total
-------------------------+-------+-------++-------
Melee: Short sword       |     5 |       ||     5
       Quarterstaff      |    29 |     4 ||    33
       Tailslap          |     2 |     3 ||     5
       Dagger            |       |    36 ||    36
       Mace              |       |     1 ||     1
 Cast: Magic Dart        |    14 |       ||    14
       Searing Ray       |    15 |     7 ||    22
  Use: Scroll            |     4 |       ||     4
       Potion            |     2 |     1 ||     3
 Stab: Sleeping          |     3 |     3 ||     6
Armor: Skin              |    15 |    27 ||    42
Dodge: Dodged            |    45 |    28 ||    73

Table legend: (Time is in decaauts)
 A = Elapsed time spent in this place.
 B = Non-inter-level travel time spent in this place.
 C = Inter-level travel time spent in this place.
 D = Time resting spent in this place.
 E = Time spent auto-exploring this place.
 F = Levels seen in this place.
 G = Mean time per level.
                   A        B        C        D        E       F      G
               +--------+--------+--------+--------+--------+-----+--------+
         Total |   3089 |   2761 |    328 |     77 |   2222 |   3 | 1029.7 |
       Dungeon |   3089 |   2761 |    328 |     77 |   2222 |   3 | 1029.7 |
               +--------+--------+--------+--------+--------+-----+--------+

Top non-repeatable levels by time:
     D:1: 1205 daAuts
     D:2: 1038 daAuts
     D:3: 846 daAuts
